 Dungeon Crawl Stone Soup version 0.30-a0-1018-g25214051b3 (webtiles) character file.

Game seed: 9440095743901636883

89388 DeathPants the Cruncher (level 15, 0/124 HPs)
             Began as a Demonspawn Monk on Apr 7, 2023.
             Was an Initiate of Gozag.
             Collided with a hellwing (22 damage)
             ... caused by a rakshasa
             ... on level 15 of the Dungeon.
             The game lasted 00:55:15 (18130 turns).

DeathPants the Cruncher (Demonspawn Monk)          Turns: 18130, Time: 00:55:16

Health: 0/124      AC: 23    Str: 33    XL:     15   Next: 49%
Magic:  33/33      EV: 18    Int: 20    God:    Gozag
Gold:   5845       SH:  0    Dex: 19    Spells: 15/27 levels left

rFire   + + .      SeeInvis .    a - +10 lajatang of Dismemberment {freeze, rElec rPois Str+2 Dex+3}
rCold   + + .      Faith    .    (shield currently unavailable)
rNeg    + . .      Spirit   .    I - +8 ring mail "Jefokh" {Int+3}
rPois   +          Reflect  .    (helmet unavailable)
rElec   +          Rampage  .    (no cloak)
rCorr   .                        M - +2 pair of gloves of Nimum {+Inv rN+ MP+9 Int+3}
Will    +....                    o - +1 pair of boots of Day {Contam rElec Regen+ Str+5}
Stlth   ++                       L - amulet of regeneration
HPRegen 2.00/turn                j - ring "Hefreufo" {rPois rF++ rC+ Str+6 Dex-2}
MPRegen 0.23/turn                B - ring of Propriety {rC+ Str+6}

@: afraid, studying Short Blades
A: horns 3, demonic guardian 2, foul stench 1, sharp scales 2
a: Renounce Religion, Evoke Invisibility, Potion Petition, Call Merchant, Bribe
Branch


You were on level 15 of the Dungeon.
You worshipped Gozag.
Gozag was greatly pleased with you.
You visited 3 branches of the dungeon, and saw 21 of its levels.
You also visited: Gauntlet.

You collected 5845 gold pieces.

Inventory:

Hand Weapons
 a - the +10 lajatang of Dismemberment (weapon) {freeze, rElec rPois Str+2 Dex+3}
   (You found it on level 6 of the Dungeon)

   Str:       It affects your strength (+2).
   Dex:       It affects your dexterity (+3).
   rElec:     It insulates you from electricity.
   rPois:     It protects you from poison.
 b - a +0 dire flail
 e - a +2 dagger of venom
Missiles
 q - 2 atropa-tipped darts (quivered)
Armour
 o - the +1 pair of boots of Day (worn) {Contam rElec Regen+ Str+5}
   (You found it on level 1 of the Lair of Beasts)

   Str:       It affects your strength (+5).
   rElec:     It insulates you from electricity.
   Contam:    It causes magical contamination when unequipped.
   Regen:     It increases your rate of health regeneration.
 A - a +2 ring mail of poison resistance
 I - the +8 ring mail "Jefokh" (worn) {Int+3}
   (You found it on level 13 of the Dungeon)

   Int:       It affects your intelligence (+3).
 M - the +2 pair of gloves of Nimum (worn) {+Inv rN+ MP+9 Int+3}
   (You found it on level 11 of the Dungeon)

   Int:       It affects your intelligence (+3).
   rN:        It protects you from negative energy.
   MP:        It affects your magic capacity (+9).
   +Inv:      It lets you turn invisible.
 Y - a +1 pair of boots of flying
Jewellery
 g - a ring of resist corrosion
 j - the ring "Hefreufo" (left hand) {rPois rF++ rC+ Str+6 Dex-2}
   (You acquired it on level 14 of the Dungeon)

   [ring of strength]

   Str:       It affects your strength (+6).
   Dex:       It affects your dexterity (-2).
   rF:        It greatly protects you from fire.
   rC:        It protects you from cold.
   rPois:     It protects you from poison.
 B - the ring of Propriety (right hand) {rC+ Str+6}
   (You found it on level 5 of the Dungeon)

   [ring of strength]

   Str:       It affects your strength (+6).
   rC:        It protects you from cold.
 L - an amulet of regeneration (around neck)
 U - a +6 ring of intelligence
Wands
 v - a wand of polymorph (17)
 w - a wand of flame (54)
 C - a wand of charming (16)
 P - a wand of iceblast (10)
 V - a wand of mindburst (15)
Scrolls
 f - 11 scrolls of teleportation
 h - 9 scrolls of fear
 i - 3 scrolls of brand weapon
 k - 3 scrolls of vulnerability
 D - 5 scrolls of poison
 G - 2 scrolls of magic mapping
 H - 5 scrolls of blinking
 O - a scroll of amnesia
 Q - 7 scrolls of identify
 X - 2 scrolls of butterflies
Potions
 c - 2 potions of ambrosia
 d - 5 potions of mutation
 l - 3 potions of magic
 m - 9 potions of flight
 n - 7 potions of curing
 p - 3 potions of heal wounds
 r - 3 potions of lignification
 x - 3 potions of brilliance
 z - 3 potions of haste
 E - 2 potions of resistance
 F - 2 potions of cancellation
 J - 3 potions of attraction
 R - a potion of invisibility
 T - a potion of berserk rage
Miscellaneous
 K - a phantom mirror
 W - a phial of floods


   Skills:
 + Level 13.3 Fighting
 - Level 5.5 Long Blades
 - Level 14.0 Staves
 - Level 9.8 Armour
 - Level 10.3 Dodging
 - Level 1.7 Stealth
 + Level 6.6 Spellcasting
 + Level 7.2 Summonings
 + Level 7.9 Necromancy


You had 15 spell levels left.
You knew the following spells:

 Your Spells              Type           Power      Damage    Failure   Level
a - Agony                 Necr           38%        N/A       13%         5
b - Haunt                 Necr/Summ      18%        N/A       99%         7

Your spell library contained the following spells:

 Spells                   Type           Power      Damage    Failure   Level
 Necrotise                Necr           100%       1d9       1%          1
 Call Imp                 Summ           70%        N/A       1%          2
 Vampiric Draining        Necr           38%        2d8       1%          3
 Freeze                   Ice            24%        1d4       13%         1
 Magic Dart               Conj           24%        1d4       13%         1
 Lesser Beckoning         Tloc           12%        N/A       19%         2
 Frozen Ramparts          Ice            12%        1d2       36%         3
 Gell's Gravitas          Tloc           6%         N/A       36%         3
 Hailstorm                Conj/Ice       6%         3d4       36%         3
 Mephitic Cloud           Conj/Pois/Air  6%         N/A       36%         3
 Teleport Other           Tloc           6%         N/A       36%         3
 Blade Hands              Tmut           3%         N/A       98%         5
 Irradiate                Conj/Tmut      3%         3d12      98%         5
 Dragon Form              Tmut           3%         N/A       100%        7
 Malign Gateway           Summ/Tloc      10%        N/A       100%        7
 Borgnjor's Revivificati  Necr           19%        N/A       100%        8
 Infestation              Necr           19%        N/A       100%        8
 Necromutation            Tmut/Necr      11%        N/A       100%        8
 Summon Horrible Things   Summ           17%        N/A       100%        8
 Death's Door             Necr           19%        N/A       100%        9
 Animate Dead             Necr           Unusable   N/A       N/A         4

Dungeon Overview and Level Annotations

Branches:
Dungeon (15/15)            Temple (1/1) D:6            Lair (5/5) D:11
  Swamp (0/4) Lair:3       Spider (0/4) Lair:2        Slime (0/5) Lair:4
    Orc (0/2) D:11         Vaults (0/5) D:13         Depths (0/4) D:15
Gauntlet (visited)

Altars:
Ashenzari
Cheibriados
Dithmenos
Fedhas
Gozag
Hepliaklqana
Kikubaaqudgha
Makhleb
Okawaru
Qazlal
Ru
Sif Muna
Trog
Uskayaw
Vehumet
Wu Jian
Xom

Portals:
Trove: D:14 (give 8 potions of haste)

Annotations:
D:9 2 transporters, hollowman's ghost, novice TeHW
Lair:2 Sonja


Innate Abilities, Weirdness & Mutations

You have a pair of large horns on your head.
A demonic guardian rushes to your aid.
You may rarely emit foul miasma when damaged in melee.
You are mostly covered in razor-sharp scales. (AC +2, Slay +2)


Message History

The lance of force hits your hellwing!
Your hellwing is knocked back by the lance of force.
Your hellwing slams into the crystal wall!
Your hellwing is heavily wounded.
The glowing orange brain pulsates ominously.
The rakshasa closely misses you. The rakshasa misses you.
The glowing orange brain pulsates.
The white ugly thing is distracted by your dazzling golden aura.
The white ugly thing gurgles horribly!
You are too confused!
You feel better.
The centaur shouts!
Your hellwing hits the rakshasa. x2
The glowing orange brain pulsates.
Something tries to feed on your intellect!
The rakshasa blinks!
The rakshasa barely misses you.
The rakshasa hits you but does no damage. x2
The rakshasa hits you from afar with a +0 trident!
* * * LOW HITPOINT WARNING * * *
The white ugly thing basks in the mutagenic energy from its kin and changes!
As you read the scroll of fear, it crumbles to dust.
You assume a fearsome visage.
The glowing orange brain easily resists.
The rakshasa looks frightened!
The rakshasa resists with almost no effort.
The rakshasa easily resists.
The rakshasa looks frightened!
The glowing orange brain resists with almost no effort.
The white ugly thing looks frightened! x2
The purple ugly thing looks frightened!
The white ugly thing looks frightened!
The centaur warrior looks frightened!
The centaur looks frightened! x4
Your hellwing hits the rakshasa! Your hellwing hits the rakshasa.
The glowing orange brain pulsates.
Something tries to feed on your intellect!
The rakshasa blinks!
The rakshasa closely misses you.
The rakshasa blinks!
The rakshasa gestures at your hellwing. The lance of force hits your hellwing!
Your hellwing is knocked back by the lance of force.
Your hellwing collides with you!
You die...
Your body crumbles into a pile of gold.

#.R....# #...[....... #......#
#........... ***#######......#
*#####....... *,,......R....####
*.c#.##......
**,..........##.u###ccG.,#......
*,.........##...u#c.#*,*#......
**########.R$RRuuG.#**,,#......
#.##ยง4.R###,,,,#......
#..##@.##**,**##......
#...####**,,,*#.......
#......#*,,,,,##......
#......#,,,,,,,#......
#......#*,,,,,##......
#......#***>###....... ###
#......# ###.........
..##########......# #...........
..................# #..<.......)


You could see 4 ugly things, 5 rakshasas, 2 glowing orange brains, a centaur
warrior (summoned, fleeing), 3 centaurs and a friendly hellwing (summoned).

Vanquished Creatures
  Kirke (D:14)
  A minotaur (Gauntlet)
  3 dire elephants (Lair:5)
  8 vault guards (D:13)
  5 hydras
  A two-headed ogre (D:11)
  8 centaur warriors
  7 boulder beetles
  A catoblepas (Lair:1)
  A tengu warrior (D:13)
  3 death yaks (Lair:5)
  Amaemon (Lair:2)
  A spectral death yak (Lair:5)
  2 skysharks
  A spectral anaconda (Lair:5)
  3 bog bodies (Lair:3)
  A wizard (D:14)
  2 obsidian statues
  2 oklob plants (Lair:4)
  4 necromancers (Lair:5)
  Pikel (D:7)
  A deep elf zephyrmancer (D:12)
  21 ugly things
  A deep elf pyromancer (D:13)
  2 orc knights (D:15)
  A wolf spider (Lair:2)
  7 manticores
  3 cyclopes
  A moth of wrath (Gauntlet)
  5 elephants (Lair:5)
  2 black mambas
  An orange demon (Lair:2)
  A torpor snail (Lair:5)
  6 cane toads
  A dire elephant skeleton (Lair:5)
  A cane toad (shapeshifter) (D:15)
  2 rime drakes
  An efreet (D:13)
  3 komodo dragons
  A tengu conjurer (D:13)
  A yaktaur (D:15)
  7 polar bears
  A queen bee (shapeshifter) (D:14)
  4 meliai
  3 trolls
  9 blink frogs
  2 jumping spiders (Lair:2)
  A culicivora (Lair:2)
  A spriggan (D:12)
  3 shadows
  2 water elementals
  3 wraiths
  8 slime creatures
  A vampire (D:9)
  7 wyverns
  70 yaks
  A hog (D:14)
  2 basilisks
  2 steam dragons
  3 spectral cane toads (Lair:5)
  A death yak simulacrum (Lair:5)
  A warg (D:15)
  Edmund (D:5)
  An acid dragon (D:12)
  6 swamp worms
  12 water moccasins
  3 ice beasts
  6 orc warriors
  A meliai simulacrum (D:14)
  An elephant zombie (Lair:5)
  3 sky beasts
  2 black bears
  An ogre (D:15)
  3 boggarts (D:14)
  13 wolves
  8 centaurs
  A lemure (D:7)
  3 kobold brigands
  Blork the orc (D:6)
  15 bullfrogs
  3 scorpions
  2 cane toad simulacra (Lair:5)
  5 wights (D:7)
  An elephant simulacrum (Lair:5)
  16 killer bees
  6 electric eels
  A crimson imp (D:12)
  11 howler monkeys
  2 jellies
  2 hounds
  8 orc priests
  Ijyb (D:3)
  A sleepcap (D:5)
  An iguana (D:5)
  8 orc wizards
  2 gnolls (D:4)
  7 adders
  2 shadow imps (D:6)
  2 white imps (D:7)
  A worm (D:2)
  3 dart slugs
  27 orcs
  7 bats
  9 endoplasms
  6 giant cockroaches
  5 goblins
  7 hobgoblins
  2 jackals (D:1)
  7 quokkas
  6 ball pythons
  3 frilled lizards
  19 kobolds
  2 rats (D:3)
517 creatures vanquished.

Vanquished Creatures (collateral kills)
  A hydra (Lair:1)
  4 ugly things
  An elephant (Lair:5)
  A cane toad (Lair:1)
  2 rime drakes (Lair:1)
  A komodo dragon (D:12)
  2 meliai (D:13)
  A queen bee (D:13)
  3 yaks (Lair:1)
  A basilisk (Lair:1)
  2 wolves (Lair:1)
  3 centaurs (D:14)
  A cane toad simulacrum (Lair:5)
  5 killer bees (D:13)
  An electric eel (D:14)
  A howler monkey (D:9)
  2 gnolls (D:4)
  6 orcs
38 creatures vanquished.

Vanquished Creatures (others)
  A boggart (D:14)
  21 fungi
  50 plants
  10 withered plants (Lair:5)
82 creatures vanquished.

Grand Total: 637 creatures vanquished

Notes
Turn   | Place    | Note
-------+----------+-------------------------------------------
     0 | D:1      | DeathPants the Demonspawn Monk began the quest for the Orb.
     0 | D:1      | Reached XP level 1. HP: 18/18 MP: 1/1
   189 | D:1      | Gained mutation: You are partially covered in razor-sharp
                  | scales. (AC +1, Slay +1) [demonic ancestry]
   189 | D:1      | Reached XP level 2. HP: 22/24 MP: 2/2
   792 | D:2      | Reached XP level 3. HP: 27/29 MP: 3/3
   928 | D:2      | Reached skill level 1 in Armour
  1114 | D:2      | Found a stormy altar of Qazlal.
  1546 | D:3      | Gained mutation: A weak demonic guardian rushes to your
                  | aid. [demonic ancestry]
  1546 | D:3      | Reached XP level 4. HP: 35/35 MP: 4/4
  1732 | D:3      | Noticed Ijyb
  1752 | D:3      | Killed Ijyb
  1970 | D:3      | Reached XP level 5. HP: 42/42 MP: 5/5
  2108 | D:5      | Entered Level 5 of the Dungeon
  2147 | D:5      | Identified the ring of Propriety {rC+ Str+6}
  2328 | D:4      | Gained mutation: You have a pair of small horns on your
                  | head. [demonic ancestry]
  2328 | D:4      | Reached XP level 6. HP: 38/48 MP: 4/6
  2575 | D:5      | Noticed an ice beast
  2588 | D:5      | Killed an ice beast
  3047 | D:5      | Reached skill level 5 in Long Blades
  3093 | D:5      | Reached XP level 7. HP: 54/55 MP: 7/7
  3227 | D:6      | Identified the +10 lajatang of Dismemberment {freeze, rElec
                  | rPois Str+2 Dex+3}
  3616 | D:5      | Noticed Edmund
  3623 | D:5      | Killed Edmund
  3624 | D:5      | Reached skill level 5 in Fighting
  3624 | D:5      | Reached skill level 1 in Staves
  3624 | D:5      | Reached XP level 8. HP: 51/62 MP: 6/8
  3952 | D:6      | Reached skill level 2 in Staves
  3952 | D:6      | Reached skill level 5 in Dodging
  4005 | D:6      | Noticed Blork the orc
  4014 | D:6      | Killed Blork the orc
  4038 | D:6      | Found a staircase to the Ecumenical Temple.
  4054 | D:6      | Found a burning altar of Makhleb.
  4061 | Temple   | Entered the Ecumenical Temple
  4068 | Temple   | Became a worshipper of Gozag Ym Sagoz the Greedy
  4157 | D:7      | Noticed Pikel
  4167 | D:7      | Killed Pikel
  4168 | D:7      | Reached skill level 3 in Staves
  4574 | D:7      | Gained mutation: You have a pair of horns on your head.
                  | [demonic ancestry]
  4574 | D:7      | Reached XP level 9. HP: 69/69 MP: 9/9
  4629 | D:7      | Reached skill level 5 in Armour
  4633 | D:7      | Reached skill level 4 in Staves
  4691 | D:7      | Noticed a boulder beetle
  4726 | D:7      | Killed a boulder beetle
  4727 | D:7      | Reached skill level 5 in Staves
  4974 | D:8      | Found a shimmering blue altar of Sif Muna.
  5527 | D:8      | Reached skill level 6 in Staves
  5532 | D:8      | Gained mutation: A demonic guardian rushes to your aid.
                  | [demonic ancestry]
  5532 | D:8      | Reached XP level 10. HP: 79/79 MP: 10/10
  5779 | D:8      | Found a radiant altar of Vehumet.
  6397 | D:9      | Reached skill level 7 in Staves
  6455 | D:10     | Entered Level 10 of the Dungeon
  6791 | D:9      | Found a transporter.
  6816 | D:9      | Found a transporter.
  6821 | D:9      | Found a bloodstained altar of Trog.
  6821 | D:9      | Noticed a tengu warrior
  6832 | D:9      | Noticed a two-headed ogre
  6832 | D:9      | Noticed hollowman's ghost (novice TeHW)
  6833 | D:9      | Noticed a moth of wrath
  6834 | D:9      | Noticed a two-headed ogre
  7471 | D:10     | Noticed a manticore
  7475 | D:10     | Killed a manticore
  7968 | D:11     | Reached skill level 8 in Staves
  8011 | D:11     | Found a staircase to the Orcish Mines.
  8123 | D:11     | Gained mutation: You have a pair of large horns on your
                  | head. [demonic ancestry]
  8123 | D:11     | Reached XP level 11. HP: 28/87 MP: 11/11
  8403 | D:11     | Noticed a two-headed ogre
  8410 | D:11     | Killed a two-headed ogre
  8546 | D:11     | Identified the +2 pair of gloves of Nimum {+Inv rN+ MP+9
                  | Int+3}
  8742 | D:11     | Found a staircase to the Lair.
  8768 | D:11     | Noticed a boulder beetle
  8792 | D:11     | Killed a boulder beetle
  8842 | D:11     | Found an ornate altar of the Wu Jian Council.
  9027 | D:12     | Noticed a deep elf zephyrmancer
  9032 | D:12     | Killed a deep elf zephyrmancer
  9045 | D:12     | Reached skill level 9 in Staves
  9169 | D:12     | Noticed a boulder beetle
  9191 | D:12     | Killed a boulder beetle
  9236 | D:12     | Noticed an eight-headed hydra
  9248 | D:12     | Killed an eight-headed hydra
  9315 | D:12     | Found an opulent altar of Gozag.
  9488 | D:13     | Noticed a cyan ugly thing
  9497 | D:13     | Killed a cyan ugly thing
  9534 | D:13     | Noticed a centaur warrior
  9540 | D:13     | Killed a centaur warrior
  9555 | D:14     | Noticed a centaur warrior
  9562 | D:14     | Killed a centaur warrior
  9592 | D:13     | Noticed a centaur warrior
  9599 | D:13     | Killed a centaur warrior
  9600 | D:13     | Reached skill level 10 in Staves
  9632 | D:13     | Gained mutation: You are mostly covered in razor-sharp
                  | scales. (AC +2, Slay +2) [demonic ancestry]
  9632 | D:13     | Reached XP level 12. HP: 81/96 MP: 12/12
  9661 | D:13     | Found a gate to the Vaults.
  9661 | D:13     | Noticed a vault guard
  9661 | D:13     | Noticed a vault guard
  9661 | D:13     | Noticed a vault guard
  9661 | D:13     | Noticed a vault guard
  9661 | D:13     | Noticed a vault guard
  9662 | D:13     | Noticed a vault guard
  9662 | D:13     | Noticed a vault guard
  9662 | D:13     | Noticed a vault guard
  9668 | D:13     | Killed a vault guard
  9673 | D:13     | Killed a vault guard
  9680 | D:13     | Killed a vault guard
  9688 | D:13     | Killed a vault guard
  9693 | D:13     | Killed a vault guard
  9699 | D:13     | Killed a vault guard
  9700 | D:13     | Reached skill level 10 in Fighting
  9703 | D:13     | Killed a vault guard
  9711 | D:13     | Killed a vault guard
  9838 | D:13     | Noticed a tengu warrior
  9842 | D:13     | Reached skill level 11 in Staves
  9847 | D:13     | Killed a tengu warrior
 10008 | D:13     | Noticed a centaur warrior
 10019 | D:13     | Killed a centaur warrior
 10034 | D:13     | Identified the +8 ring mail "Jefokh" {Int+3}
 10386 | D:13     | Noticed a centaur warrior
 10394 | D:13     | Killed a centaur warrior
 10665 | Lair:1   | Entered Level 1 of the Lair of Beasts
 10704 | Lair:1   | Noticed a six-headed hydra
 10712 | Lair:1   | Killed a six-headed hydra
 10713 | Lair:1   | Reached XP level 13. HP: 85/104 MP: 13/13
 10870 | Lair:2   | Noticed Sonja
 10954 | Lair:1   | Reached skill level 10 in Dodging
 10984 | Lair:1   | Reached skill level 12 in Staves
 11457 | Lair:1   | Identified the +1 pair of boots of Day {Contam rElec Regen+
                  | Str+5}
 11687 | Lair:2   | Noticed Amaemon
 11687 | Lair:2   | Found a blossoming altar of Fedhas.
 11893 | Lair:2   | Killed Amaemon
 11943 | Lair:1   | Learned a level 7 spell: Haunt
 12238 | Lair:2   | Reached skill level 1 in Necromancy
 12301 | Lair:2   | Reached skill level 1 in Summonings
 12305 | Lair:2   | Reached skill level 1 in Spellcasting
 12377 | Lair:2   | Found a hole to the Spider Nest.
 12896 | Lair:3   | Found a staircase to the Swamp.
 13273 | Lair:3   | Gained mutation: You may rarely emit foul miasma when
                  | damaged in melee. [demonic ancestry]
 13273 | Lair:3   | Reached XP level 14. HP: 114/114 MP: 18/18
 13276 | Lair:3   | Identified the +2 war axe of the Enchanting Firefly
                  | {protect, *Noise rPois Str+5 SInv}
 13890 | Lair:5   | Entered Level 5 of the Lair of Beasts
 13935 | Lair:5   | Reached skill level 13 in Staves
 14012 | Lair:4   | Found a staircase to the Slime Pits.
 14217 | Lair:4   | Found a blossoming altar of Fedhas.
 15124 | Lair:5   | Reached skill level 5 in Necromancy
 15247 | Lair:5   | Reached skill level 5 in Summonings
 15425 | Lair:5   | Learned a level 5 spell: Agony
 15473 | Lair:5   | Reached skill level 5 in Spellcasting
 16277 | D:14     | Reached XP level 15. HP: 43/122 MP: 23/23
 16576 | D:14     | Noticed Kirke
 16582 | D:14     | Killed Kirke
 16622 | D:15     | Entered Level 15 of the Dungeon
 16862 | D:15     | Found a gate leading to a gauntlet.
 16870 | Gauntlet | Entered a Gauntlet
 16870 | Gauntlet | Found a large runed translucent door.
 16870 | Gauntlet | Found a large runed translucent door.
 16870 | Gauntlet | Found a large runed translucent door.
 16870 | Gauntlet | Found a large runed translucent door.
 16870 | Gauntlet | Found a transporter.
 16870 | Gauntlet | Found a runed translucent door.
 16870 | Gauntlet | Found a large runed translucent door.
 16870 | Gauntlet | Found a large runed translucent door.
 16870 | Gauntlet | Found a large runed translucent door.
 16870 | Gauntlet | Found a large runed translucent door.
 16870 | Gauntlet | Found a runed translucent gate.
 16870 | Gauntlet | Found a runed translucent gate.
 16870 | Gauntlet | Found a transporter.
 16870 | Gauntlet | Found a transporter.
 16871 | Gauntlet | Found a transporter.
 16875 | Gauntlet | Found a transporter.
 16877 | Gauntlet | Found a transporter.
 16881 | Gauntlet | Found a transporter.
 16883 | Gauntlet | Found a transporter.
 16884 | Gauntlet | Found a transporter.
 16886 | Gauntlet | Found a transporter.
 16915 | Gauntlet | Found a runed translucent door.
 16916 | Gauntlet | Found a large runed translucent door.
 16916 | Gauntlet | Found a large runed translucent door.
 16916 | Gauntlet | Found a large runed translucent door.
 16916 | Gauntlet | Found a large runed translucent door.
 16917 | Gauntlet | Found a large runed translucent door.
 16918 | Gauntlet | Found a large runed translucent door.
 16929 | Gauntlet | Found a large runed translucent door.
 16929 | Gauntlet | Found a large runed translucent door.
 16930 | Gauntlet | Found a runed translucent gate.
 16963 | Gauntlet | Found a transporter.
 16979 | Gauntlet | Found a transporter.
 17152 | Gauntlet | Identified the ring "Ajyid" {rF+ rN+ Str+2 Dex+2 SInv}
 17220 | D:14     | Found a portal to a secret trove of treasure.
 17308 | D:14     | Identified a scroll of acquirement
 17309 | D:14     | Acquired the ring "Hefreufo" {rPois rF++ rC+ Str+6 Dex-2}
 17445 | D:14     | Reached skill level 14 in Staves
 18130 | D:15     | Collided with a hellwing

Illustrated notes

Levels and vault maps discovered:
D:1:      lemuel_arrival_river_ford, layout_basic
D:2:      layout_rooms, basic_altar, minivault_26
D:3:      minmay_wonky_spiral, layout_basic, gup_sewer_entry_pipe, uniq_ijyb
D:4:      layout_gridville
D:5:      layout_basic, kennysheep_generic_room_11, uniq_edmund
D:6:      layout_rooms, lemuel_doored_altar, temple_statues, st_stairs_12,
          uniq_blork_the_orc
D:7:      layout_layer_cave, chequers_serial_rivers_marsh, minmay_manual_mail,
          uniq_pikel
D:8:      layout_loops_ring, nicolae_overflow_hidden_temple,
          lemuel_crystal_altar, mainiacjoe_overflow_alcove_1
D:9:      layout_gridville, gammafunk_ghost_wrathful_warriors
D:10:     layout_roguey, grunt_decor_one_mirror
D:11:     layout_loops_cross, lair_entry_dummy, david_orc_2,
          nzn_wu_jian_council_hall
D:12:     layout_cave_pools, hangedman_stone_soup, st_stairs_4,
          minmay_crystal_water, grunt_gozag_breadcrumbs
D:13:     layout_stronghold, erik_vaults_2, nicolae_looking_at_the_future
D:14:     layout_basic, tso_metal_star, nicolae_trove_entry_diagonal, uniq_kirke
D:15:     gammafunk_enter_depths_forms, layout_small_grid,
          gauntlet_entry_generic, minivault_23
Temple:   minmay_freezing_vapour_temple
Lair:1:   layout_regular_city
Lair:2:   layout_roguey, spider_nest_entry_funnel_web, basic_altar,
          ldierk_geyser, serial_bayou_shore_a, infiniplex_staircase_pool_2,
          serial_bayou_shore_b, uniq_amaemon, uniq_sonja
Lair:3:   layout_regular_city, nicolae_swamp_entry_splash_gauntlet,
          gammafunk_lair_bear_cave
Lair:4:   layout_layer_cave, dpeg_slime_entry_corner, hangedman_tree_tricks,
          beast_lair_carwin_7
Lair:5:   due_jungle_book, layout_misc_corridors, grunt_megastairs_2

Skill      XL: |  1  2  3  4  5  6  7  8  9 10 11 12 13 14 15 |
---------------+----------------------------------------------+-----
Long Blades    | 3 4 5 |  5.5
Dodging        | 3 4 5 6 7 8 9 10 | 10.3
Armour         | 1 2 3 4 5 7 8 9 |  9.8
Fighting       | 4 5 6 7 8 9 10 11 12 13 | 13.3
Staves         | 1 3 6 8 10 11 12 13 14 | 14.0
Necromancy     | 3 6 7 |  7.9
Summonings     | 3 6 7 |  7.2
Spellcasting   | 2 5 6 |  6.6
Stealth        | |  1.7

Action                     |  1- 3 |  4- 6 |  7- 9 | 10-12 | 13-15 || total
---------------------------+-------+-------+-------+-------+-------++-------
  Melee: Falchion          |    52 |       |       |       |       ||    52
         Dagger            |    43 |   145 |    38 |     6 |       ||   232
         Punch             |     3 |       |       |       |       ||     3
         Headbutt          |       |    13 |    44 |    76 |   177 ||   310
         Lajatang          |       |       |   124 |   322 |   702 ||  1148
         Dire flail        |       |       |       |     2 |    28 ||    30
  Throw: Dart              |       |       |     3 |     1 |       ||     4
  Evoke: Wand              |       |       |       |       |     1 ||     1
    Use: Scroll            |       |    10 |     5 |    12 |     7 ||    34
         Potion            |       |       |       |     3 |     2 ||     5
   Stab: Sleeping          |     4 |     1 |     2 |       |     1 ||     8
         Distracted        |       |     1 |       |     1 |     5 ||     7
         Invisible         |       |       |       |     2 |       ||     2
 Armour: Leather armour    |    21 |       |       |       |       ||    21
         Ring mail         |    12 |    58 |    58 |   153 |   418 ||   699
  Dodge: Dodged            |    54 |    73 |   140 |   346 |   785 ||  1398

Table legend: (Time is in decaauts)
 A = Elapsed time spent in this place.
 B = Non-inter-level travel time spent in this place.
 C = Inter-level travel time spent in this place.
 D = Time resting spent in this place.
 E = Time spent auto-exploring this place.
 F = Levels seen in this place.
 G = Mean time per level.
                   A        B        C        D        E       F      G
               +--------+--------+--------+--------+--------+-----+--------+
         Total |  18037 |  17440 |    597 |    409 |  11786 |  22 |  819.9 |
       Dungeon |  12316 |  11884 |    432 |    301 |   8146 |  15 |  821.1 |
        Temple |     14 |     14 |      0 |      0 |      0 |   1 |   14.0 |
          Lair |   5408 |   5243 |    165 |    108 |   3600 |   5 | 1081.6 |
      Gauntlet |    297 |    297 |      0 |      0 |     40 |   1 |  297.0 |
               +--------+--------+--------+--------+--------+-----+--------+

Top non-repeatable levels by time:
    D:13: 1277 daAuts
  Lair:1: 1214 daAuts
  Lair:4: 1149 daAuts
     D:7: 1143 daAuts
  Lair:3: 1085 daAuts
    D:11: 1071 daAuts
  Lair:5: 1050 daAuts
  Lair:2: 909 daAuts
     D:9: 876 daAuts
     D:5: 872 daAuts
    D:14: 857 daAuts
     D:4: 856 daAuts
     D:8: 850 daAuts
     D:1: 742 daAuts
    D:10: 729 daAuts
